[ AOE2 MATCH · #471608993 ]
UnrankedPortuguese vs Spanish
Player's team · LOSS
[ REPLAY ANALYSIS · EXTRACTED FROM THE RECORDED GAME ]
Feudal
13:17
Castle
19:22
Imperial
30:11
| APM avg | 12.6 |
| APM peak | 49 |
| eAPM avg | 8.7 |
| Villagers / military | 104 / 10 |
Focus
⚔️ 9.3% · 🌾 90.7%
Fishing Ship ×23 · Cannon Galleon ×10
Feudal
11:00
Castle
14:44
Imperial
33:03
| APM avg | 24.4 |
| APM peak | 65 |
| eAPM avg | 16.7 |
| Villagers / military | 151 / 6 |
Focus
⚔️ 19.5% · 🌾 80.5%
Trade Cart ×49 · Unknown (7828) ×21 · Unknown (7376) ×10 · Unknown (5307) ×6 · Galley ×5 · Unknown (7833) ×4
Feudal
13:23
Castle
24:31
Imperial
39:18
| APM avg | 17.3 |
| APM peak | 45 |
| eAPM avg | 13.4 |
| Villagers / military | 233 / 30 |
Focus
⚔️ 12.8% · 🌾 87.2%
Mangonel ×26 · Kipchak ×2 · Scorpion ×2 · Unknown (7348) ×1
Feudal
15:06
Castle
24:58
Imperial
33:24
| APM avg | 10.5 |
| APM peak | 28 |
| eAPM avg | 8.2 |
| Villagers / military | 112 / 0 |
Focus
⚔️ 18.2% · 🌾 81.8%
Unknown (5307) ×3
Feudal
13:07
Castle
17:06
Imperial
36:41
| APM avg | 22.6 |
| APM peak | 83 |
| eAPM avg | 16.8 |
| Villagers / military | 193 / 2 |
Focus
⚔️ 19.5% · 🌾 80.5%
Mangonel ×2
Feudal
11:04
Castle
14:53
Imperial
29:07
| APM avg | 37.1 |
| APM peak | 81 |
| eAPM avg | 21.9 |
| Villagers / military | 166 / 156 |
Focus
⚔️ 33.4% · 🌾 66.6%
Steppe Lancer ×90 · Unknown (1908) ×72 · Scout Cavalry ×47 · Skirmisher ×11 · Trade Cart ×10 · Iron Pagoda ×5
Feudal
—
Castle
—
Imperial
—
| APM avg | 781.7 |
| APM peak | 1588 |
| eAPM avg | 778.5 |
| Villagers / military | 0 / 182 |
Focus
⚔️ 26.2% · 🌾 73.8%
Knight ×63 · Conquistador ×44 · Skirmisher ×21 · Scout Cavalry ×18 · Spearman ×14 · Bombard Cannon ×9
Feudal
—
Castle
—
Imperial
—
| APM avg | 1114.6 |
| APM peak | 3850 |
| eAPM avg | 1112.9 |
| Villagers / military | 0 / 282 |
Focus
⚔️ 24.8% · 🌾 75.2%
Camel Scout ×90 · Mameluke ×63 · Skirmisher ×61 · Scout Cavalry ×21 · Mangonel ×16 · Trebuchet (Packed) ×11
Match map
Initial resources + every placement click. Lines = walls · curves = elevation contours. ◆ gold · ⬟ stone · ● berries · ✦ relic · ◌ wall gap
Your base· Open — unwalled flank
Glory's base· Open — unwalled flank
Mushroom's base· Open — unwalled flank
Onnozel Trien's base· Open — unwalled flank
papaton's base· Open — unwalled flank
XMS's base· Open — unwalled flank
's base
's base
Smoothed initial terrain · ◌ = detected wall gap · hover for details
Inputs per minute
— 1375072598 - - Glory
Build order — 1375072598
First 150 of 233 actions detected
| 0:31 | Research | Loom |
| 0:32 | Create | Villager (Male) ×4 |
| 0:42 | Build | House |
| 0:46 | Build | House |
| 1:56 | Build | Lumber Camp |
| 2:46 | Create | Villager (Male) |
| 2:46 | Create | Villager (Male) |
| 3:03 | Create | Villager (Male) |
| 3:39 | Create | Villager (Male) |
| 3:51 | Create | Villager (Male) |
| 4:26 | Create | Villager (Male) |
| 4:55 | Create | Villager (Male) |
| 5:09 | Build | Dock |
| 5:29 | Create | Villager (Male) |
| 5:29 | Create | Villager (Male) |
| 5:47 | Build | House |
| 5:50 | Build | House |
| 6:15 | Create | Villager (Male) |
| 6:18 | Create | Villager (Male) |
| 6:25 | Create | Fishing Ship |
| 7:03 | Create | Villager (Male) |
| 7:13 | Build | Mill |
| 7:43 | Create | Villager (Male) |
| 7:43 | Create | Villager (Male) |
| 7:48 | Create | Fishing Ship |
| 8:42 | Create | Villager (Male) |
| 8:48 | Create | Fishing Ship |
| 9:10 | Create | Villager (Male) |
| 9:23 | Create | Villager (Male) |
| 9:43 | Build | Farm |
| 9:51 | Build | House |
| 9:54 | Build | House |
| 11:07 | Research | Feudal Age |
| 11:26 | Build | House |
| 11:30 | Build | House |
| 11:44 | Create | Fishing Ship |
| 11:45 | Create | Fishing Ship |
| 11:57 | Build | Dock |
| 12:08 | Build | Dock |
| 12:28 | Build | Farm |
| 12:45 | Build | Palisade Wall |
| 12:55 | Build | Building 804 |
| 13:13 | Create | Fishing Ship |
| 13:14 | Create | Fishing Ship |
| 13:17 | Age | Feudal Age |
| 13:32 | Research | Town Watch |
| 13:33 | Create | Villager (Male) |
| 13:33 | Create | Villager (Male) |
| 13:38 | Research | Double-Bit Axe |
| 14:27 | Build | Farm |
| 14:35 | Create | Villager (Male) |
| 14:36 | Create | Villager (Male) |
| 15:02 | Build | Market |
| 15:37 | Build | Mining Camp |
| 15:47 | Build | Blacksmith |
| 15:50 | Create | Villager (Male) |
| 15:50 | Create | Villager (Male) |
| 16:12 | Research | Gold Mining |
| 16:20 | Build | Farm |
| 16:42 | Research | Castle Age |
| 17:02 | Research | Horse Collar |
| 17:15 | Create | Fishing Ship |
| 17:15 | Create | Fishing Ship |
| 17:19 | Create | Fishing Ship |
| 17:19 | Create | Fishing Ship |
| 19:17 | Build | Farm |
| 19:18 | Build | Farm |
| 19:20 | Build | Farm |
| 19:21 | Build | Farm |
| 19:22 | Age | Castle Age |
| 19:25 | Create | Villager (Male) ×5 |
| 19:47 | Build | Town Center |
| 20:04 | Build | Farm |
| 20:07 | Research | Bow Saw |
| 20:55 | Build | House |
| 20:56 | Build | House |
| 21:27 | Research | Wheelbarrow |
| 21:41 | Create | Villager (Male) ×5 |
| 21:42 | Create | Villager (Male) ×5 |
| 21:59 | Build | Fish Trap |
| 22:01 | Build | Fish Trap |
| 22:02 | Build | Fish Trap |
| 22:03 | Build | Fish Trap |
| 22:12 | Build | Fish Trap |
| 22:21 | Build | Fish Trap |
| 22:32 | Build | Fish Trap |
| 22:37 | Create | Villager (Male) ×5 |
| 23:11 | Build | Town Center |
| 24:02 | Research | Stone Mining |
| 24:16 | Build | Monastery |
| 24:24 | Build | University |
| 24:35 | Build | Fish Trap |
| 24:37 | Build | Fish Trap |
| 24:39 | Build | Fish Trap |
| 24:41 | Build | Fish Trap |
| 24:45 | Build | Fish Trap |
| 24:56 | Build | Fish Trap |
| 25:10 | Create | Villager (Male) ×5 |
| 25:11 | Create | Villager (Male) ×5 |
| 25:18 | Create | Villager (Male) ×5 |
| 25:30 | Create | Villager (Male) |
| 25:30 | Create | Villager (Male) |
| 25:53 | Research | Gillnets |
| 26:10 | Build | Farm |
| 26:21 | Build | House |
| 26:22 | Build | House |
| 26:24 | Build | House |
| 26:31 | Build | Farm |
| 27:01 | Research | Imperial Age |
| 27:14 | Create | Fishing Ship |
| 27:14 | Create | Fishing Ship |
| 27:14 | Create | Fishing Ship |
| 27:15 | Create | Fishing Ship |
| 27:44 | Research | Stone Shaft Mining |
| 28:03 | Build | Fish Trap |
| 28:05 | Create | Fishing Ship |
| 28:20 | Build | Lumber Camp |
| 28:41 | Build | Town Center |
| 28:55 | Build | Town Center |
| 29:06 | Build | Fish Trap |
| 29:11 | Create | Fishing Ship |
| 29:20 | Build | Fish Trap |
| 29:31 | Research | Hand Cart |
| 30:03 | Build | House |
| 30:04 | Build | House |
| 30:06 | Build | House |
| 30:11 | Age | Imperial Age |
| 30:13 | Create | Villager (Male) ×5 |
| 30:17 | Research | Heavy Plow |
| 30:22 | Research | Two-Man Saw |
| 30:30 | Build | Fish Trap |
| 30:51 | Build | Fish Trap |
| 30:57 | Create | Fishing Ship |
| 31:05 | Build | Farm |
| 31:08 | Build | Farm |
| 31:13 | Build | Farm |
| 31:14 | Build | Farm |
| 31:23 | Research | Crop Rotation |
| 31:41 | Build | House |
| 31:42 | Build | House |
| 31:44 | Build | House |
| 31:55 | Build | House |
| 31:56 | Build | House |
| 32:05 | Build | Fish Trap |
| 32:14 | Research | Chemistry |
| 32:15 | Research | Ballistics |
| 32:17 | Research | Siege Engineers |
| 32:18 | Research | Murder Holes |
| 32:34 | Build | Farm |
| 32:36 | Build | Farm |
Build order — Glory
First 150 of 396 actions detected
| 0:01 | Create | Villager (Male) |
| 0:01 | Create | Villager (Male) |
| 0:02 | Create | Villager (Male) |
| 0:03 | Build | House |
| 0:06 | Build | House |
| 0:13 | Create | Villager (Male) |
| 0:20 | Build | Building 7341 |
| 1:30 | Create | Villager (Male) |
| 2:03 | Research | Loom |
| 2:23 | Create | Villager (Male) |
| 2:23 | Create | Villager (Male) |
| 2:32 | Create | Villager (Male) |
| 2:51 | Research | Tech 4130 |
| 2:52 | Research | Tech 4136 |
| 3:06 | Create | Villager (Male) |
| 3:36 | Create | Villager (Male) |
| 3:36 | Create | Villager (Male) |
| 3:40 | Build | Lumber Camp |
| 3:55 | Create | Villager (Male) |
| 4:25 | Create | Villager (Male) |
| 4:25 | Create | Villager (Male) |
| 4:47 | Build | House |
| 5:02 | Create | Villager (Male) |
| 5:02 | Create | Villager (Male) |
| 5:16 | Build | Mill |
| 5:41 | Research | Tech 4130 |
| 5:42 | Create | Villager (Male) |
| 5:43 | Create | Villager (Male) |
| 5:43 | Create | Villager (Male) |
| 6:25 | Create | Villager (Male) |
| 6:41 | Build | Mill |
| 6:42 | Build | House |
| 6:53 | Build | Mill |
| 7:29 | Create | Villager (Male) |
| 7:30 | Create | Villager (Male) |
| 7:40 | Build | Mining Camp |
| 8:16 | Create | Villager (Male) |
| 8:50 | Research | Feudal Age |
| 9:20 | Create | Villager (Male) |
| 10:14 | Create | Villager (Male) |
| 11:00 | Age | Feudal Age |
| 11:03 | Build | Dock |
| 11:25 | Build | Market |
| 12:04 | Research | Castle Age |
| 12:20 | Research | Double-Bit Axe |
| 12:37 | Build | House |
| 13:29 | Create | Villager (Male) |
| 13:35 | Create | Fishing Ship |
| 14:07 | Build | Mill |
| 14:44 | Age | Castle Age |
| 14:50 | Create | Villager (Male) |
| 14:53 | Build | Town Center |
| 15:24 | Build | Mill |
| 15:29 | Create | Villager (Male) |
| 15:51 | Create | Villager (Male) |
| 15:55 | Research | Bow Saw |
| 16:12 | Create | Villager (Male) |
| 16:14 | Create | Villager (Male) |
| 16:17 | Create | Villager (Male) |
| 16:37 | Create | Villager (Male) |
| 16:42 | Research | War Galley (upgrade) |
| 16:46 | Create | Galley |
| 16:46 | Create | Galley |
| 16:48 | Create | Villager (Male) |
| 17:12 | Create | Villager (Male) |
| 17:27 | Create | Villager (Male) |
| 17:32 | Build | House |
| 17:33 | Build | House |
| 17:38 | Research | Wheelbarrow |
| 17:38 | Research | Wheelbarrow |
| 17:42 | Create | Villager (Male) |
| 17:50 | Create | Villager (Male) |
| 18:01 | Create | Villager (Male) |
| 18:02 | Create | Villager (Male) |
| 18:21 | Build | Town Center |
| 18:23 | Create | Villager (Male) |
| 19:03 | Create | Villager (Male) |
| 19:04 | Create | Villager (Male) |
| 19:16 | Build | Blacksmith |
| 19:26 | Create | Villager (Male) |
| 19:26 | Create | Villager (Male) |
| 19:27 | Research | Hand Cart |
| 19:29 | Create | Villager (Male) |
| 19:53 | Create | Villager (Male) |
| 19:57 | Build | House |
| 19:58 | Build | House |
| 19:59 | Build | House |
| 20:00 | Build | House |
| 20:36 | Create | Villager (Male) |
| 20:37 | Create | Villager (Male) |
| 20:37 | Create | Villager (Male) |
| 20:42 | Build | Mining Camp |
| 20:45 | Create | Villager (Male) |
| 20:54 | Build | Town Center |
| 20:57 | Create | Villager (Male) |
| 21:02 | Research | Horse Collar |
| 21:03 | Create | Villager (Male) |
| 21:11 | Build | Market |
| 21:39 | Create | Villager (Male) |
| 21:48 | Build | House |
| 21:49 | Build | House |
| 21:49 | Build | House |
| 21:50 | Build | House |
| 21:51 | Build | House |
| 21:51 | Build | House |
| 21:52 | Create | Villager (Male) |
| 21:52 | Create | Villager (Male) |
| 22:10 | Build | Farm |
| 22:10 | Build | Farm |
| 22:11 | Build | Farm |
| 22:11 | Build | Farm |
| 22:11 | Build | Farm |
| 22:12 | Build | Farm |
| 22:14 | Research | Heavy Plow |
| 22:15 | Create | Villager (Male) |
| 22:15 | Create | Villager (Male) |
| 22:26 | Build | Farm |
| 22:26 | Build | Farm |
| 22:27 | Build | Farm |
| 22:27 | Build | Farm |
| 22:37 | Build | Farm |
| 22:46 | Build | Farm |
| 22:46 | Build | Farm |
| 22:46 | Build | Farm |
| 22:47 | Build | Farm |
| 22:47 | Build | Farm |
| 23:01 | Build | Farm |
| 23:01 | Build | Farm |
| 23:01 | Build | Farm |
| 23:02 | Build | Farm |
| 23:02 | Build | Farm |
| 23:02 | Build | Farm |
| 23:02 | Build | Farm |
| 23:03 | Build | Farm |
| 23:14 | Research | Fletching |
| 23:21 | Build | Farm |
| 23:21 | Build | Farm |
| 23:21 | Build | Farm |
| 23:26 | Create | Trade Cart |
| 23:33 | Create | Villager (Male) |
| 23:37 | Build | Farm |
| 23:38 | Build | Farm |
| 23:38 | Build | Farm |
| 23:38 | Build | Farm |
| 23:39 | Build | Farm |
| 23:39 | Build | Farm |
| 23:49 | Create | Trade Cog |
| 23:52 | Create | Villager (Male) |
| 24:05 | Build | Lumber Camp |
| 24:08 | Create | Villager (Male) |
Build order — Mushroom
First 150 of 356 actions detected
| 0:09 | Build | House |
| 0:12 | Build | House |
| 0:28 | Create | Villager (Male) |
| 0:28 | Create | Villager (Male) |
| 0:28 | Create | Villager (Male) |
| 0:29 | Create | Villager (Male) |
| 0:29 | Create | Villager (Male) |
| 1:45 | Create | Villager (Male) |
| 1:45 | Create | Villager (Male) |
| 2:16 | Build | Lumber Camp |
| 2:21 | Create | Villager (Male) |
| 2:21 | Create | Villager (Male) |
| 2:36 | Create | Villager (Male) |
| 2:37 | Create | Villager (Male) |
| 3:14 | Create | Villager (Male) |
| 3:14 | Create | Villager (Male) |
| 3:40 | Create | Villager (Male) |
| 3:40 | Create | Villager (Male) |
| 3:47 | Build | House |
| 4:13 | Build | Palisade Wall |
| 4:18 | Create | Villager (Male) |
| 4:18 | Create | Villager (Male) |
| 4:41 | Create | Villager (Male) |
| 4:41 | Create | Villager (Male) |
| 5:07 | Create | Villager (Male) |
| 5:08 | Create | Villager (Male) |
| 5:40 | Build | House |
| 5:42 | Build | House |
| 5:48 | Create | Villager (Male) |
| 5:48 | Create | Villager (Male) |
| 5:49 | Create | Villager (Male) |
| 5:52 | Build | Mill |
| 6:25 | Create | Villager (Male) |
| 6:25 | Create | Villager (Male) |
| 6:34 | Create | Villager (Male) |
| 6:35 | Create | Villager (Male) |
| 6:48 | Build | Palisade Wall |
| 7:08 | Create | Villager (Male) |
| 7:20 | Create | Villager (Male) |
| 7:53 | Create | Villager (Male) |
| 7:53 | Create | Villager (Male) |
| 8:12 | Build | House |
| 8:18 | Build | House |
| 8:38 | Create | Villager (Male) |
| 8:38 | Create | Villager (Male) |
| 9:32 | Create | Villager (Male) |
| 9:33 | Create | Villager (Male) |
| 9:33 | Create | Villager (Male) |
| 10:12 | Create | Villager (Male) |
| 10:52 | Build | Mining Camp |
| 10:59 | Research | Feudal Age |
| 10:59 | Research | Feudal Age |
| 11:20 | Build | Mill |
| 11:26 | Build | Farm |
| 11:27 | Build | Farm |
| 11:35 | Build | Mining Camp |
| 11:39 | Create | Villager (Male) |
| 11:39 | Create | Villager (Male) |
| 11:40 | Create | Villager (Male) |
| 12:10 | Create | Villager (Male) |
| 12:49 | Create | Villager (Male) |
| 13:23 | Age | Feudal Age |
| 13:24 | Research | Double-Bit Axe |
| 13:24 | Research | Double-Bit Axe |
| 13:35 | Build | Palisade Wall |
| 13:46 | Build | Building 7578 |
| 14:22 | Create | Villager (Male) |
| 14:22 | Create | Villager (Male) |
| 14:40 | Research | Horse Collar |
| 14:46 | Create | Villager (Male) |
| 14:46 | Create | Villager (Male) |
| 14:46 | Create | Villager (Male) |
| 14:47 | Create | Villager (Male) |
| 14:57 | Create | Villager (Male) |
| 14:57 | Create | Villager (Male) |
| 15:13 | Create | Villager (Male) |
| 15:13 | Create | Villager (Male) |
| 15:37 | Build | Building 7341 |
| 15:44 | Create | Villager (Male) |
| 15:44 | Create | Villager (Male) |
| 15:55 | Create | Villager (Male) |
| 15:56 | Create | Villager (Male) |
| 16:24 | Build | Palisade Wall |
| 16:40 | Create | Villager (Male) |
| 16:41 | Create | Villager (Male) |
| 16:57 | Build | Farm |
| 17:01 | Build | Farm |
| 17:04 | Build | Farm |
| 17:07 | Build | Farm |
| 17:10 | Build | Farm |
| 17:45 | Build | House |
| 17:46 | Build | House |
| 17:48 | Build | House |
| 17:50 | Build | House |
| 17:51 | Build | House |
| 17:53 | Build | House |
| 17:54 | Build | House |
| 17:57 | Create | Villager (Male) |
| 17:57 | Create | Villager (Male) |
| 18:38 | Build | Palisade Wall |
| 19:02 | Create | Unit 7348 |
| 19:08 | Create | Villager (Male) |
| 19:08 | Create | Villager (Male) |
| 19:09 | Create | Villager (Male) |
| 19:09 | Create | Villager (Male) |
| 19:10 | Create | Villager (Male) |
| 19:10 | Create | Villager (Male) |
| 19:10 | Create | Villager (Male) |
| 19:11 | Create | Villager (Male) |
| 19:49 | Build | Market |
| 19:54 | Create | Villager (Male) |
| 19:55 | Create | Villager (Male) |
| 20:03 | Build | Mill |
| 20:14 | Create | Villager (Male) |
| 20:14 | Create | Villager (Male) |
| 20:14 | Create | Villager (Male) |
| 20:15 | Create | Villager (Male) |
| 20:20 | Create | Villager (Male) |
| 20:21 | Create | Villager (Male) |
| 20:39 | Build | Farm |
| 20:44 | Build | Farm |
| 20:44 | Build | Farm |
| 20:44 | Build | Farm |
| 20:45 | Build | Farm |
| 21:04 | Build | Blacksmith |
| 21:51 | Research | Castle Age |
| 21:51 | Create | Villager (Male) |
| 21:52 | Create | Villager (Male) |
| 21:52 | Create | Villager (Male) |
| 21:52 | Create | Villager (Male) |
| 21:52 | Create | Villager (Male) |
| 21:56 | Build | Farm |
| 21:58 | Build | Farm |
| 22:02 | Build | Farm |
| 22:16 | Create | Villager (Male) |
| 22:16 | Create | Villager (Male) |
| 22:19 | Build | Farm |
| 22:26 | Create | Villager (Male) |
| 22:26 | Create | Villager (Male) |
| 22:29 | Research | Wheelbarrow |
| 23:24 | Build | Mining Camp |
| 23:35 | Build | Farm |
| 23:36 | Build | Farm |
| 23:38 | Build | Farm |
| 23:39 | Build | Farm |
| 23:41 | Build | Farm |
| 23:43 | Research | Gold Mining |
| 23:44 | Research | Stone Mining |
| 24:21 | Build | Siege Workshop |
| 24:28 | Build | Siege Workshop |
Build order — Onnozel Trien
First 150 of 233 actions detected
| 0:10 | Build | House |
| 0:12 | Create | Villager (Male) |
| 0:13 | Create | Villager (Male) |
| 0:14 | Create | Villager (Male) |
| 0:33 | Build | Building 7341 |
| 0:46 | Create | Villager (Male) |
| 0:46 | Create | Villager (Male) |
| 1:22 | Build | House |
| 1:23 | Build | House |
| 1:24 | Build | House |
| 1:44 | Create | Villager (Male) |
| 1:44 | Create | Villager (Male) |
| 2:32 | Research | Loom |
| 3:22 | Research | Tech 4136 |
| 3:24 | Research | Tech 4129 |
| 4:22 | Create | Villager (Male) |
| 4:23 | Create | Villager (Male) |
| 5:19 | Research | Tech 4130 |
| 5:25 | Create | Villager (Male) |
| 5:26 | Create | Villager (Male) |
| 5:26 | Create | Villager (Male) |
| 5:26 | Create | Villager (Male) |
| 5:27 | Create | Villager (Male) |
| 6:57 | Build | Palisade Wall |
| 7:19 | Create | Villager (Male) |
| 7:20 | Create | Villager (Male) |
| 8:24 | Build | Mill |
| 8:41 | Build | Lumber Camp |
| 9:23 | Create | Villager (Male) |
| 9:23 | Create | Villager (Male) |
| 9:24 | Create | Villager (Male) |
| 9:25 | Create | Villager (Male) |
| 9:25 | Create | Villager (Male) |
| 9:25 | Create | Villager (Male) |
| 9:26 | Create | Villager (Male) |
| 10:23 | Build | Palisade Wall |
| 10:58 | Build | Palisade Wall |
| 11:21 | Build | Palisade Wall |
| 11:43 | Create | Villager (Male) |
| 12:07 | Build | Mining Camp |
| 12:30 | Build | Palisade Wall |
| 12:56 | Research | Feudal Age |
| 13:11 | Build | House |
| 13:13 | Build | House |
| 15:06 | Age | Feudal Age |
| 15:06 | Build | Farm |
| 15:08 | Build | Farm |
| 15:11 | Build | Farm |
| 15:12 | Create | Villager (Male) |
| 15:13 | Create | Villager (Male) |
| 15:14 | Create | Villager (Male) |
| 15:14 | Create | Villager (Male) |
| 15:14 | Create | Villager (Male) |
| 15:15 | Create | Villager (Male) |
| 15:15 | Create | Villager (Male) |
| 15:23 | Build | House |
| 15:38 | Build | Stone Wall |
| 16:25 | Build | Stone Wall |
| 16:37 | Build | Farm |
| 16:39 | Build | Farm |
| 16:41 | Build | Farm |
| 16:47 | Build | Market |
| 17:08 | Research | Stone Mining |
| 17:09 | Research | Gold Mining |
| 17:18 | Build | Stone Wall |
| 18:02 | Build | Farm |
| 18:32 | Build | Stone Wall |
| 19:17 | Build | Farm |
| 19:19 | Build | Farm |
| 19:23 | Create | Villager (Male) |
| 19:23 | Create | Villager (Male) |
| 19:23 | Create | Villager (Male) |
| 19:24 | Create | Villager (Male) |
| 19:24 | Create | Villager (Male) |
| 19:24 | Create | Villager (Male) |
| 19:24 | Create | Villager (Male) |
| 19:39 | Build | Blacksmith |
| 20:19 | Build | Stone Wall |
| 20:34 | Build | House |
| 20:36 | Build | House |
| 20:37 | Build | House |
| 20:39 | Build | House |
| 20:40 | Build | House |
| 20:56 | Build | Farm |
| 21:06 | Build | Stone Wall |
| 21:46 | Build | Stone Wall |
| 21:54 | Research | Castle Age |
| 22:34 | Build | Farm |
| 23:24 | Build | Stone Wall |
| 23:38 | Build | Stone Wall |
| 24:09 | Build | Stone Wall |
| 24:14 | Build | Stone Wall |
| 24:27 | Build | Stone Wall |
| 24:58 | Age | Castle Age |
| 25:00 | Research | Double-Bit Axe |
| 25:04 | Create | Villager (Male) |
| 25:05 | Create | Villager (Male) |
| 25:06 | Create | Villager (Male) |
| 25:06 | Create | Villager (Male) |
| 25:06 | Create | Villager (Male) |
| 25:06 | Create | Villager (Male) |
| 25:07 | Create | Villager (Male) |
| 25:07 | Create | Villager (Male) |
| 25:07 | Create | Villager (Male) |
| 25:07 | Create | Villager (Male) |
| 25:07 | Create | Villager (Male) |
| 25:24 | Build | University |
| 25:57 | Research | Fortified Wall (upgrade) |
| 26:13 | Build | Farm |
| 26:16 | Build | Town Center |
| 26:25 | Create | Villager (Male) |
| 26:25 | Create | Villager (Male) |
| 26:25 | Create | Villager (Male) |
| 26:59 | Build | Stone Wall |
| 27:07 | Build | Stone Wall |
| 27:40 | Research | Gold Shaft Mining |
| 27:45 | Build | Farm |
| 27:55 | Research | Bow Saw |
| 28:11 | Build | Stone Wall |
| 28:43 | Build | Stone Wall |
| 28:50 | Build | Farm |
| 29:05 | Build | Castle |
| 29:27 | Build | Stone Wall |
| 29:40 | Build | Stone Wall |
| 29:58 | Research | Imperial Age |
| 30:11 | Research | Imperial Age |
| 30:23 | Research | Wheelbarrow |
| 30:31 | Build | Town Center |
| 30:47 | Build | House |
| 30:49 | Build | House |
| 30:51 | Build | House |
| 30:53 | Build | House |
| 30:54 | Build | House |
| 31:12 | Build | Stone Wall |
| 31:16 | Build | Stone Wall |
| 31:29 | Build | Stone Wall |
| 32:01 | Create | Villager (Male) |
| 32:01 | Create | Villager (Male) |
| 32:01 | Create | Villager (Male) |
| 32:05 | Research | Hand Cart |
| 32:08 | Create | Villager (Male) |
| 32:08 | Create | Villager (Male) |
| 32:08 | Create | Villager (Male) |
| 32:08 | Create | Villager (Male) |
| 32:09 | Create | Villager (Male) |
| 32:17 | Build | Barracks |
| 32:54 | Build | Stone Wall |
| 33:24 | Age | Imperial Age |
| 33:42 | Build | House |
| 33:43 | Build | House |
Build order — papaton
First 150 of 466 actions detected
| 0:03 | Create | Villager (Male) |
| 0:03 | Create | Villager (Male) |
| 0:04 | Create | Villager (Male) |
| 0:05 | Build | House |
| 0:06 | Build | Building 7341 |
| 1:01 | Research | Loom |
| 1:03 | Research | Tech 4130 |
| 1:22 | Create | Villager (Male) |
| 1:36 | Create | Villager (Male) |
| 1:40 | Research | Tech 4136 |
| 2:01 | Create | Villager (Male) |
| 2:06 | Build | House |
| 2:15 | Create | Villager (Male) |
| 2:45 | Create | Villager (Male) |
| 2:55 | Create | Villager (Male) |
| 3:22 | Create | Villager (Male) |
| 3:30 | Build | House |
| 4:10 | Build | Palisade Wall |
| 4:16 | Create | Villager (Male) |
| 4:16 | Create | Villager (Male) |
| 4:17 | Create | Villager (Male) |
| 4:18 | Create | Villager (Male) |
| 5:14 | Build | Palisade Wall |
| 5:22 | Create | Villager (Male) |
| 5:33 | Build | Lumber Camp |
| 5:36 | Create | Villager (Male) |
| 5:57 | Build | Palisade Wall |
| 6:02 | Create | Villager (Male) |
| 6:16 | Build | Palisade Wall |
| 6:36 | Create | Villager (Male) |
| 6:43 | Build | House |
| 6:55 | Build | Palisade Wall |
| 6:58 | Build | Palisade Wall |
| 7:02 | Build | Palisade Wall |
| 7:40 | Create | Villager (Male) |
| 7:40 | Create | Villager (Male) |
| 7:45 | Build | House |
| 7:52 | Create | Villager (Male) |
| 7:56 | Build | Palisade Wall |
| 8:11 | Build | Mill |
| 8:13 | Create | Villager (Male) |
| 8:33 | Research | Tech 4129 |
| 8:38 | Create | Villager (Male) |
| 9:14 | Build | Palisade Wall |
| 9:52 | Build | Mining Camp |
| 10:06 | Create | Villager (Male) |
| 10:07 | Create | Villager (Male) |
| 10:35 | Build | Mining Camp |
| 10:57 | Research | Feudal Age |
| 11:22 | Create | Villager (Male) |
| 11:22 | Create | Villager (Male) |
| 13:07 | Age | Feudal Age |
| 13:10 | Build | Stone Wall |
| 13:19 | Build | Stone Wall |
| 13:32 | Build | Market |
| 13:36 | Research | Double-Bit Axe |
| 13:39 | Research | Horse Collar |
| 14:06 | Build | Stone Wall |
| 14:12 | Build | Stone Wall |
| 14:17 | Build | Stone Wall |
| 14:21 | Build | Stone Wall |
| 14:26 | Research | Castle Age |
| 14:31 | Build | House |
| 14:32 | Build | House |
| 15:07 | Build | Stone Wall |
| 15:16 | Build | Stone Wall |
| 15:38 | Build | Stone Wall |
| 15:43 | Build | House |
| 15:47 | Create | Villager (Male) |
| 15:58 | Create | Villager (Male) |
| 15:58 | Research | Wheelbarrow |
| 16:10 | Build | Stone Wall |
| 16:15 | Build | Stone Wall |
| 16:20 | Build | Farm |
| 16:21 | Create | Villager (Male) |
| 16:33 | Build | Stone Wall |
| 16:36 | Build | Stone Wall |
| 16:44 | Build | Stone Wall |
| 17:01 | Research | Wheelbarrow |
| 17:06 | Age | Castle Age |
| 17:17 | Build | Town Center |
| 17:27 | Research | Bow Saw |
| 17:28 | Research | Heavy Plow |
| 17:45 | Build | Stone Wall |
| 17:50 | Build | Stone Wall |
| 17:55 | Build | Farm |
| 17:57 | Create | Villager (Male) |
| 18:04 | Build | University |
| 18:07 | Build | Farm |
| 18:07 | Create | Villager (Male) |
| 18:28 | Create | Villager (Male) |
| 18:51 | Create | Villager (Male) |
| 19:18 | Build | Stone Wall |
| 19:25 | Build | Stone Wall |
| 19:31 | Build | Stone Wall |
| 19:33 | Create | Villager (Male) |
| 19:36 | Build | House |
| 19:38 | Build | House |
| 19:40 | Research | Fortified Wall (upgrade) |
| 19:41 | Create | Villager (Male) |
| 20:03 | Build | Stone Wall |
| 20:23 | Build | Town Center |
| 20:26 | Create | Villager (Male) |
| 20:26 | Create | Villager (Male) |
| 20:29 | Build | Farm |
| 20:30 | Build | Farm |
| 20:32 | Create | Villager (Male) |
| 20:54 | Build | Stone Wall |
| 21:07 | Create | Villager (Male) |
| 21:07 | Create | Villager (Male) |
| 21:14 | Build | Stone Wall |
| 21:16 | Create | Villager (Male) |
| 21:28 | Build | Town Center |
| 21:34 | Create | Villager (Male) |
| 21:35 | Create | Villager (Male) |
| 21:44 | Create | Villager (Male) |
| 21:51 | Build | Stone Wall |
| 21:58 | Build | House |
| 21:59 | Build | House |
| 22:00 | Build | House |
| 22:03 | Build | Farm |
| 22:03 | Build | Farm |
| 22:05 | Create | Villager (Male) |
| 22:12 | Build | Stone Wall |
| 22:16 | Build | Farm |
| 22:17 | Create | Villager (Male) |
| 22:18 | Build | Farm |
| 22:19 | Create | Villager (Male) |
| 22:39 | Create | Villager (Male) |
| 22:42 | Build | Farm |
| 22:43 | Create | Villager (Male) |
| 22:53 | Build | Stone Wall |
| 22:58 | Build | Stone Wall |
| 23:04 | Build | House |
| 23:05 | Build | House |
| 23:06 | Create | Villager (Male) |
| 23:07 | Create | Villager (Male) |
| 23:09 | Create | Villager (Male) |
| 23:15 | Build | Farm |
| 23:16 | Create | Villager (Male) |
| 23:19 | Build | Farm |
| 23:20 | Build | Farm |
| 23:23 | Build | Farm |
| 23:23 | Build | Farm |
| 23:27 | Create | Villager (Male) |
| 23:27 | Create | Villager (Male) |
| 23:37 | Build | Farm |
| 23:38 | Create | Villager (Male) |
| 23:43 | Build | Stone Wall |
| 23:44 | Build | Stone Wall |
Build order — XMS
First 150 of 629 actions detected
| 0:04 | Build | House |
| 0:05 | Build | House |
| 0:07 | Create | Villager (Male) |
| 0:07 | Create | Villager (Male) |
| 0:07 | Create | Villager (Male) |
| 0:08 | Create | Villager (Male) |
| 0:08 | Create | Villager (Male) |
| 1:30 | Create | Villager (Male) |
| 1:50 | Build | Lumber Camp |
| 2:01 | Create | Villager (Male) |
| 2:22 | Create | Villager (Male) |
| 2:54 | Create | Villager (Male) |
| 3:29 | Create | Villager (Male) |
| 3:34 | Create | Villager (Male) |
| 3:59 | Create | Villager (Male) |
| 4:04 | Build | House |
| 4:21 | Build | Mill |
| 4:27 | Create | Villager (Male) |
| 4:31 | Create | Villager (Male) |
| 5:34 | Create | Villager (Male) |
| 5:36 | Create | Villager (Male) |
| 5:38 | Create | Villager (Male) |
| 5:49 | Create | Villager (Male) |
| 6:07 | Build | House |
| 6:09 | Create | Villager (Male) |
| 6:46 | Create | Villager (Male) |
| 6:56 | Create | Villager (Male) |
| 7:00 | Create | Villager (Male) |
| 7:07 | Build | House |
| 7:32 | Build | House |
| 8:00 | Create | Villager (Male) |
| 8:18 | Build | Farm |
| 8:21 | Build | Farm |
| 8:26 | Build | Farm |
| 8:34 | Research | Feudal Age |
| 8:48 | Build | Mining Camp |
| 10:02 | Build | Mining Camp |
| 10:08 | Create | Villager (Male) |
| 10:08 | Create | Villager (Male) |
| 11:04 | Age | Feudal Age |
| 11:13 | Build | Market |
| 11:27 | Build | Blacksmith |
| 12:06 | Research | Double-Bit Axe |
| 12:13 | Research | Castle Age |
| 12:25 | Research | Horse Collar |
| 13:32 | Create | Villager (Male) |
| 13:40 | Create | Villager (Male) |
| 13:49 | Create | Villager (Male) |
| 13:59 | Build | Farm |
| 14:04 | Build | Farm |
| 14:53 | Age | Castle Age |
| 14:56 | Build | Town Center |
| 15:02 | Research | Bow Saw |
| 15:04 | Create | Villager (Male) |
| 15:08 | Build | Farm |
| 15:10 | Create | Villager (Male) |
| 15:22 | Create | Villager (Male) |
| 15:28 | Create | Villager (Male) |
| 15:37 | Build | House |
| 15:55 | Create | Villager (Male) |
| 16:06 | Create | Villager (Male) |
| 16:11 | Create | Villager (Male) |
| 16:16 | Build | Town Center |
| 16:18 | Create | Villager (Male) |
| 16:21 | Create | Villager (Male) |
| 16:35 | Create | Villager (Male) |
| 16:40 | Build | Farm |
| 16:42 | Build | Farm |
| 17:02 | Create | Villager (Male) |
| 17:08 | Create | Villager (Male) |
| 17:10 | Create | Villager (Male) |
| 17:12 | Create | Villager (Male) |
| 17:26 | Build | Farm |
| 17:27 | Create | Villager (Male) |
| 17:33 | Build | Farm |
| 17:41 | Create | Villager (Male) |
| 17:44 | Create | Villager (Male) |
| 17:48 | Create | Villager (Male) |
| 18:02 | Create | Villager (Male) |
| 18:14 | Build | Farm |
| 18:14 | Create | Villager (Male) |
| 18:17 | Build | Farm |
| 18:22 | Create | Villager (Male) |
| 18:40 | Build | Monastery |
| 18:40 | Create | Villager (Male) |
| 18:46 | Build | University |
| 18:50 | Create | Villager (Male) |
| 19:00 | Create | Villager (Male) |
| 19:02 | Create | Villager (Male) |
| 19:04 | Create | Villager (Male) |
| 19:08 | Build | Farm |
| 19:11 | Build | Farm |
| 19:11 | Create | Villager (Male) |
| 19:13 | Build | Farm |
| 19:15 | Build | Farm |
| 19:16 | Create | Villager (Male) |
| 19:21 | Build | Farm |
| 19:30 | Build | House |
| 19:35 | Build | Farm |
| 19:36 | Create | Villager (Male) |
| 19:43 | Create | Monk |
| 19:55 | Create | Villager (Male) |
| 19:58 | Build | Farm |
| 20:00 | Build | Farm |
| 20:01 | Build | Farm |
| 20:02 | Create | Villager (Male) |
| 20:06 | Build | House |
| 20:07 | Build | House |
| 20:10 | Build | House |
| 20:12 | Build | House |
| 20:13 | Build | House |
| 20:14 | Create | Villager (Male) |
| 20:20 | Create | Villager (Male) |
| 20:22 | Build | Farm |
| 20:23 | Create | Villager (Male) |
| 20:26 | Build | Farm |
| 20:29 | Create | Villager (Male) |
| 20:31 | Create | Villager (Male) |
| 20:34 | Create | Villager (Male) |
| 20:36 | Create | Monk |
| 20:39 | Create | Villager (Male) |
| 20:45 | Build | Mining Camp |
| 20:54 | Create | Villager (Male) |
| 20:57 | Create | Villager (Male) |
| 21:01 | Create | Villager (Male) |
| 21:04 | Create | Villager (Male) |
| 21:08 | Build | Farm |
| 21:09 | Create | Villager (Male) |
| 21:15 | Create | Villager (Male) |
| 21:20 | Create | Villager (Male) |
| 21:30 | Create | Villager (Male) |
| 21:32 | Create | Villager (Male) |
| 21:38 | Build | Town Center |
| 21:41 | Research | Wheelbarrow |
| 21:43 | Create | Villager (Male) |
| 21:44 | Create | Villager (Male) |
| 21:47 | Create | Villager (Male) |
| 22:04 | Create | Villager (Male) |
| 22:06 | Create | Villager (Male) |
| 22:11 | Create | Villager (Male) |
| 22:15 | Create | Villager (Male) |
| 22:24 | Create | Villager (Male) |
| 22:25 | Create | Villager (Male) |
| 22:34 | Build | Farm |
| 22:35 | Build | Farm |
| 22:36 | Create | Villager (Male) |
| 22:41 | Build | House |
| 22:43 | Build | House |
| 22:43 | Build | House |
| 22:44 | Create | Villager (Male) |
Build order —
First 150 of 581 actions detected
| 0:00 | Build | Building 7341 |
| 0:03 | Build | House |
| 0:05 | Build | House |
| 1:40 | Research | Tech None |
| 1:42 | Build | Lumber Camp |
| 2:19 | Research | Tech None |
| 2:47 | Research | Tech None |
| 2:57 | Research | Tech None |
| 3:38 | Build | House |
| 4:20 | Build | Mill |
| 4:58 | Research | Tech None |
| 5:23 | Build | House |
| 5:26 | Research | Tech None |
| 5:34 | Build | Lumber Camp |
| 6:03 | Research | Tech None |
| 6:52 | Build | Barracks |
| 8:14 | Research | Tech None |
| 8:14 | Research | Tech None |
| 8:14 | Build | Farm |
| 8:14 | Build | Archery Range |
| 8:16 | Research | Tech None |
| 8:16 | Research | Tech None |
| 8:16 | Build | Farm |
| 8:16 | Build | Blacksmith |
| 8:17 | Research | Tech None |
| 8:17 | Build | House |
| 8:18 | Build | Farm |
| 8:20 | Build | Farm |
| 8:21 | Build | Farm |
| 8:45 | Research | Tech None |
| 8:56 | Build | House |
| 9:02 | Research | Tech None |
| 9:33 | Build | Farm |
| 9:38 | Build | House |
| 9:59 | Build | Farm |
| 10:15 | Build | Farm |
| 10:20 | Build | House |
| 10:26 | Build | Mining Camp |
| 10:27 | Build | Farm |
| 10:45 | Build | Farm |
| 10:53 | Build | Farm |
| 11:03 | Build | House |
| 11:24 | Build | Farm |
| 11:41 | Research | Tech None |
| 11:43 | Build | Stable |
| 12:05 | Research | Tech None |
| 12:13 | Build | Stable |
| 12:22 | Research | Tech None |
| 12:40 | Research | Tech None |
| 13:25 | Build | House |
| 13:27 | Build | House |
| 13:42 | Research | Tech None |
| 13:42 | Research | Tech None |
| 13:42 | Research | Tech None |
| 13:42 | Build | Siege Workshop |
| 13:43 | Build | Building 5354 |
| 13:46 | Build | Siege Workshop |
| 13:57 | Build | House |
| 13:58 | Research | Tech None |
| 14:07 | Research | Tech None |
| 14:08 | Research | Tech None |
| 14:11 | Build | House |
| 14:17 | Research | Tech None |
| 15:18 | Research | Tech None |
| 15:44 | Research | Tech None |
| 15:45 | Research | Tech None |
| 15:48 | Build | Town Center |
| 16:15 | Build | Town Center |
| 16:32 | Research | Tech None |
| 16:32 | Build | Town Center |
| 16:37 | Build | Town Center |
| 16:53 | Build | Farm |
| 16:59 | Build | Farm |
| 17:05 | Research | Tech None |
| 17:20 | Build | Farm |
| 17:23 | Build | Farm |
| 17:40 | Build | Farm |
| 18:15 | Research | Tech None |
| 18:15 | Build | Town Center |
| 18:24 | Build | Town Center |
| 18:40 | Research | Tech None |
| 18:43 | Build | Farm |
| 18:45 | Build | Farm |
| 18:52 | Build | Farm |
| 18:59 | Research | Tech None |
| 19:04 | Build | Farm |
| 19:11 | Build | Farm |
| 19:20 | Build | Farm |
| 19:48 | Build | Market |
| 19:52 | Build | House |
| 19:55 | Build | House |
| 19:58 | Build | House |
| 20:06 | Build | Farm |
| 20:13 | Build | Farm |
| 20:20 | Build | House |
| 20:31 | Build | Farm |
| 20:32 | Research | Tech None |
| 20:36 | Build | Farm |
| 20:42 | Build | Farm |
| 20:48 | Research | Tech None |
| 20:54 | Build | Farm |
| 21:02 | Build | Farm |
| 21:08 | Build | Farm |
| 21:16 | Research | Tech None |
| 21:18 | Build | House |
| 21:19 | Build | House |
| 21:28 | Build | Farm |
| 21:40 | Build | Mining Camp |
| 21:43 | Build | House |
| 21:49 | Build | Farm |
| 21:56 | Build | Mill |
| 22:01 | Build | Farm |
| 22:14 | Build | Monastery |
| 22:21 | Build | Lumber Camp |
| 22:30 | Build | Farm |
| 22:40 | Build | Stable |
| 22:41 | Build | House |
| 22:43 | Build | House |
| 22:49 | Build | Farm |
| 22:55 | Build | Farm |
| 23:06 | Build | Farm |
| 23:07 | Build | Farm |
| 23:24 | Build | Farm |
| 23:24 | Build | Stable |
| 23:30 | Build | House |
| 23:32 | Build | House |
| 23:33 | Build | University |
| 23:37 | Build | Farm |
| 23:44 | Build | Mill |
| 23:54 | Build | Farm |
| 23:55 | Build | House |
| 24:06 | Build | Farm |
| 24:09 | Research | Tech None |
| 24:10 | Research | Tech None |
| 24:10 | Build | Archery Range |
| 24:11 | Research | Tech None |
| 24:11 | Build | House |
| 24:13 | Build | House |
| 24:24 | Build | House |
| 24:25 | Build | House |
| 24:39 | Build | Barracks |
| 24:40 | Build | House |
| 24:45 | Research | Tech None |
| 24:52 | Build | Market |
| 24:59 | Research | Tech None |
| 25:06 | Build | Barracks |
| 25:09 | Build | Barracks |
| 25:22 | Build | Market |
| 25:30 | Build | Barracks |
| 25:35 | Build | Barracks |
Build order —
First 150 of 655 actions detected
| 0:00 | Build | Building 7341 |
| 0:03 | Build | House |
| 1:40 | Build | House |
| 1:43 | Build | Lumber Camp |
| 2:23 | Research | Tech None |
| 2:31 | Research | Tech None |
| 2:31 | Research | Tech None |
| 2:43 | Research | Tech None |
| 3:25 | Build | House |
| 4:07 | Build | Mill |
| 4:48 | Research | Tech None |
| 5:11 | Build | House |
| 5:39 | Build | Lumber Camp |
| 6:10 | Research | Tech None |
| 6:10 | Build | Mining Camp |
| 7:03 | Build | Barracks |
| 8:26 | Research | Tech None |
| 8:26 | Build | Archery Range |
| 8:27 | Research | Tech None |
| 8:27 | Research | Tech None |
| 8:27 | Build | Farm |
| 8:27 | Build | Archery Range |
| 8:28 | Build | House |
| 8:29 | Research | Tech None |
| 8:29 | Build | House |
| 8:30 | Build | Farm |
| 8:32 | Build | Farm |
| 8:56 | Research | Tech None |
| 9:00 | Build | Blacksmith |
| 9:24 | Build | Palisade Wall |
| 9:25 | Build | Palisade Wall |
| 9:27 | Build | Palisade Wall |
| 9:28 | Build | Palisade Wall |
| 9:29 | Build | Palisade Wall |
| 9:30 | Build | Farm |
| 9:32 | Build | Farm |
| 9:58 | Research | Tech None |
| 10:17 | Research | Tech None |
| 10:34 | Research | Tech None |
| 10:53 | Create | Skirmisher |
| 10:53 | Build | Archery Range |
| 10:54 | Create | Skirmisher |
| 10:54 | Build | Archery Range |
| 10:55 | Build | House |
| 10:57 | Build | House |
| 11:16 | Create | Skirmisher |
| 11:17 | Create | Skirmisher |
| 11:38 | Create | Skirmisher |
| 11:39 | Create | Skirmisher |
| 11:41 | Create | Skirmisher |
| 11:46 | Create | Skirmisher |
| 11:59 | Research | Tech None |
| 11:59 | Research | Tech None |
| 12:00 | Research | Tech None |
| 12:00 | Build | Castle |
| 12:02 | Build | Mining Camp |
| 12:08 | Research | Tech None |
| 12:38 | Build | Siege Workshop |
| 12:43 | Build | Farm |
| 12:54 | Build | House |
| 12:58 | Build | House |
| 13:15 | Research | Tech None |
| 13:16 | Build | Farm |
| 13:41 | Build | Siege Workshop |
| 14:07 | Build | Farm |
| 14:21 | Build | Stable |
| 14:24 | Create | Skirmisher |
| 14:56 | Research | Tech None |
| 14:56 | Create | Skirmisher |
| 14:56 | Build | Town Center |
| 15:05 | Create | Skirmisher |
| 15:05 | Build | Town Center |
| 15:11 | Create | Skirmisher |
| 15:11 | Build | Town Center |
| 15:42 | Create | Skirmisher |
| 15:42 | Build | Town Center |
| 15:45 | Create | Skirmisher |
| 15:45 | Build | Town Center |
| 15:50 | Create | Skirmisher |
| 15:50 | Build | Town Center |
| 16:02 | Build | House |
| 16:03 | Create | Skirmisher |
| 16:06 | Create | Skirmisher |
| 16:09 | Create | Skirmisher |
| 16:12 | Build | Farm |
| 16:23 | Create | Skirmisher |
| 16:27 | Build | Farm |
| 16:29 | Create | Skirmisher |
| 16:36 | Research | Tech None |
| 16:37 | Build | Farm |
| 16:44 | Build | House |
| 16:48 | Build | Farm |
| 16:52 | Build | Farm |
| 17:06 | Build | Farm |
| 17:11 | Build | Farm |
| 17:15 | Build | House |
| 17:23 | Research | Tech None |
| 17:26 | Build | Farm |
| 17:28 | Build | Farm |
| 17:33 | Build | Farm |
| 17:45 | Build | Farm |
| 17:47 | Create | Camel Scout |
| 17:47 | Build | House |
| 17:52 | Build | Farm |
| 18:00 | Build | Farm |
| 18:08 | Build | Farm |
| 18:14 | Build | Farm |
| 18:21 | Create | Camel Scout |
| 18:22 | Build | House |
| 18:25 | Build | Farm |
| 18:36 | Build | Market |
| 18:48 | Build | Monastery |
| 18:51 | Build | House |
| 18:53 | Research | Tech None |
| 18:53 | Build | Farm |
| 19:03 | Research | Tech None |
| 19:03 | Build | Mining Camp |
| 19:14 | Build | Farm |
| 19:25 | Create | Monk |
| 19:29 | Build | Farm |
| 19:29 | Build | House |
| 19:36 | Build | Barracks |
| 19:38 | Research | Tech None |
| 19:40 | Research | Tech None |
| 19:50 | Build | Farm |
| 19:55 | Build | House |
| 20:01 | Create | Battering Ram |
| 20:08 | Build | Barracks |
| 20:14 | Build | Farm |
| 20:21 | Create | Battering Ram |
| 20:28 | Build | Farm |
| 20:31 | Build | House |
| 20:36 | Research | Tech None |
| 20:39 | Build | Lumber Camp |
| 20:47 | Build | Farm |
| 20:57 | Build | Farm |
| 20:58 | Build | Mill |
| 21:09 | Research | Tech None |
| 21:12 | Build | House |
| 21:18 | Build | Farm |
| 21:22 | Research | Tech None |
| 21:24 | Create | Battering Ram |
| 21:24 | Create | Mangonel |
| 21:29 | Research | Tech None |
| 21:30 | Create | Camel Scout |
| 21:30 | Build | Farm |
| 21:36 | Research | Tech None |
| 21:37 | Build | House |
| 21:39 | Create | Battering Ram |
| 21:49 | Research | Tech None |
Match timeline
| 4:10 | papaton · wall_segment Palisade Wall x11 |
| 4:13 | Mushroom · wall_segment Palisade Wall x23 |
| 5:09 | 1375072598 · first_building Dock |
| 5:14 | papaton · wall_segment Palisade Wall x11 |
| 5:57 | papaton · wall_segment Palisade Wall x13 |
| 6:16 | papaton · wall_segment Palisade Wall x7 |
| 6:48 | Mushroom · wall_segment Palisade Wall x22 |
| 6:52 | · first_building Barracks |
| 6:55 | papaton · wall_segment Palisade Wall x3 |
| 6:57 | Onnozel Trien · wall_segment Palisade Wall x14 |
| 6:58 | papaton · wall_segment Palisade Wall x4 |
| 7:02 | papaton · wall_segment Palisade Wall x6 |
| 7:03 | · first_building Barracks |
| 7:56 | papaton · wall_segment Palisade Wall x13 |
| 8:14 | · first_building Archery Range |
| 8:26 | · first_building Archery Range |
| 9:14 | papaton · wall_segment Palisade Wall x13 |
| 10:23 | Onnozel Trien · wall_segment Palisade Wall x12 |
| 10:58 | Onnozel Trien · wall_segment Palisade Wall x5 |
| 11:00 | Glory · age_up feudal |
| 11:03 | Glory · first_building Dock |
| 11:04 | XMS · age_up feudal |
| 11:21 | Onnozel Trien · wall_segment Palisade Wall x11 |
| 11:43 | · first_building Stable |
| 12:00 | · first_building Castle |
| 12:30 | Onnozel Trien · wall_segment Palisade Wall x13 |
| 12:38 | · first_building Siege Workshop |
| 12:45 | 1375072598 · wall_segment Palisade Wall x10 |
| 13:07 | papaton · age_up feudal |
| 13:10 | papaton · wall_segment Stone Wall x8 |
| 13:17 | 1375072598 · age_up feudal |
| 13:19 | papaton · wall_segment Stone Wall x8 |
| 13:23 | Mushroom · age_up feudal |
| 13:35 | Mushroom · wall_segment Palisade Wall x23 |
| 13:42 | · first_building Siege Workshop |
| 14:06 | papaton · wall_segment Stone Wall x1 |
| 14:12 | papaton · wall_segment Stone Wall x6 |
| 14:17 | papaton · wall_segment Stone Wall x4 |
| 14:21 | · first_building Stable |
| 14:21 | papaton · wall_segment Stone Wall x8 |
| 14:44 | Glory · age_up castle |
| 14:53 | XMS · age_up castle |
| 15:06 | Onnozel Trien · age_up feudal |
| 15:07 | papaton · wall_segment Stone Wall x8 |
| 15:10 | Glory · tribute_sent a jugador 2 |
| 15:10 | Glory · tribute_sent a jugador 3 |
| 15:10 | Glory · tribute_sent a jugador 4 |
| 15:10 | Glory · tribute_sent a jugador 5 |
| 15:10 | Glory · tribute_sent a jugador 6 |
| 15:10 | Glory · tribute_sent a jugador 7 |
| 15:10 | Glory · tribute_sent a jugador 8 |
| 15:16 | papaton · wall_segment Stone Wall x8 |
| 15:38 | Onnozel Trien · wall_segment Stone Wall x11 |
| 15:38 | papaton · wall_segment Stone Wall x20 |
| 16:10 | papaton · wall_segment Stone Wall x3 |
| 16:15 | papaton · wall_segment Stone Wall x1 |
| 16:16 | Glory · first_market_buy 100 stone |
| 16:24 | Mushroom · wall_segment Palisade Wall x25 |
| 16:25 | Onnozel Trien · wall_segment Stone Wall x13 |
| 16:33 | papaton · wall_segment Stone Wall x11 |
| 16:36 | papaton · wall_segment Stone Wall x6 |
| 16:37 | 1375072598 · first_market_sell 100 food |
| 16:44 | papaton · wall_segment Stone Wall x5 |
| 17:06 | papaton · age_up castle |
| 17:18 | Onnozel Trien · wall_segment Stone Wall x11 |
| 17:45 | papaton · wall_segment Stone Wall x10 |
| 17:50 | papaton · wall_segment Stone Wall x10 |
| 18:00 | Glory · tribute_sent a jugador 2 |
| 18:00 | Glory · tribute_sent a jugador 3 |
| 18:00 | Glory · tribute_sent a jugador 4 |
| 18:00 | Glory · tribute_sent a jugador 5 |
| 18:00 | Glory · tribute_sent a jugador 6 |
| 18:00 | Glory · tribute_sent a jugador 7 |
| 18:00 | Glory · tribute_sent a jugador 8 |
| 18:32 | Onnozel Trien · wall_segment Stone Wall x13 |
| 18:38 | Mushroom · wall_segment Palisade Wall x26 |
| 18:40 | XMS · first_building Monastery |
| 18:48 | · first_building Monastery |
| 19:18 | papaton · wall_segment Stone Wall x5 |
| 19:22 | 1375072598 · age_up castle |
| 19:25 | papaton · wall_segment Stone Wall x9 |
| 19:31 | papaton · wall_segment Stone Wall x15 |
| 19:44 | Onnozel Trien · first_market_buy 100 food |
| 19:52 | Glory · tribute_sent a jugador 2 |
| 19:52 | Glory · tribute_sent a jugador 3 |
| 19:52 | Glory · tribute_sent a jugador 4 |
| 19:52 | Glory · tribute_sent a jugador 5 |
| 19:52 | Glory · tribute_sent a jugador 6 |
| 19:52 | Glory · tribute_sent a jugador 7 |
| 19:52 | Glory · tribute_sent a jugador 8 |
| 20:03 | papaton · wall_segment Stone Wall x6 |
| 20:19 | Onnozel Trien · wall_segment Stone Wall x13 |
| 20:31 | · first_market_buy 100 food |
| 20:54 | papaton · wall_segment Stone Wall x5 |
| 21:06 | Onnozel Trien · wall_segment Stone Wall x32 |
| 21:14 | papaton · wall_segment Stone Wall x12 |
| 21:24 | · first_market_buy 100 stone |
| 21:46 | Onnozel Trien · wall_segment Stone Wall x14 |
| 21:51 | papaton · wall_segment Stone Wall x9 |
| 22:12 | papaton · wall_segment Stone Wall x6 |
| 22:14 | · first_building Monastery |
| 22:39 | Mushroom · tribute_sent a jugador 1 |
| 22:39 | Mushroom · tribute_sent a jugador 3 |
| 22:39 | Mushroom · tribute_sent a jugador 4 |
| 22:39 | Mushroom · tribute_sent a jugador 5 |
| 22:39 | Mushroom · tribute_sent a jugador 6 |
| 22:39 | Mushroom · tribute_sent a jugador 7 |
| 22:39 | Mushroom · tribute_sent a jugador 8 |
| 22:53 | papaton · wall_segment Stone Wall x12 |
| 22:58 | papaton · wall_segment Stone Wall x3 |
| 23:01 | · first_market_sell 100 wood |
| 23:24 | Onnozel Trien · wall_segment Stone Wall x32 |
| 23:29 | XMS · first_building Castle |
| 23:38 | Onnozel Trien · wall_segment Stone Wall x20 |
| 23:43 | papaton · wall_segment Stone Wall x4 |
| 23:44 | papaton · wall_segment Stone Wall x8 |
| 23:51 | papaton · wall_segment Stone Wall x7 |
| 23:52 | XMS · first_building Barracks |
| 23:55 | · first_market_sell 100 food |
| 24:09 | Onnozel Trien · wall_segment Stone Wall x9 |
| 24:14 | Onnozel Trien · wall_segment Stone Wall x6 |
| 24:16 | 1375072598 · first_building Monastery |
| 24:21 | Mushroom · first_building Siege Workshop |
| 24:27 | Onnozel Trien · wall_segment Stone Wall x12 |
| 24:31 | Mushroom · age_up castle |
| 24:32 | papaton · wall_segment Stone Wall x12 |
| 24:37 | papaton · wall_segment Stone Wall x7 |
| 24:58 | Onnozel Trien · age_up castle |
| 25:11 | XMS · first_building Siege Workshop |
| 25:23 | Glory · first_building Monastery |
| 25:25 | papaton · wall_segment Stone Wall x8 |
| 25:54 | XMS · first_market_sell 100 food |
| 26:00 | papaton · wall_segment Stone Wall x11 |
| 26:03 | papaton · wall_segment Stone Wall x6 |
| 26:11 | Mushroom · first_building Castle |
| 26:38 | papaton · wall_segment Stone Wall x1 |
| 26:46 | papaton · wall_segment Stone Wall x2 |
| 26:47 | papaton · wall_segment Stone Wall x7 |
| 26:59 | Onnozel Trien · wall_segment Stone Wall x7 |
| 27:07 | Onnozel Trien · wall_segment Stone Wall x16 |
| 27:23 | papaton · wall_segment Stone Wall x6 |
| 27:24 | papaton · wall_segment Stone Wall x1 |
| 27:25 | XMS · first_building Stable |
| 27:25 | papaton · wall_segment Stone Wall x1 |
| 27:32 | papaton · wall_segment Stone Wall x14 |
| 27:49 | · first_building Castle |
| 28:11 | Onnozel Trien · wall_segment Stone Wall x8 |
| 28:25 | papaton · wall_segment Stone Wall x6 |
| 28:33 | Glory · first_market_sell 100 food |
| 28:39 | papaton · wall_segment Stone Wall x2 |
| 28:43 | Onnozel Trien · wall_segment Stone Wall x12 |
| 28:58 | papaton · wall_segment Stone Wall x17 |
| 29:05 | Onnozel Trien · first_building Castle |
| 29:07 | XMS · age_up imperial |
| 29:27 | Onnozel Trien · wall_segment Stone Wall x10 |
| 29:38 | papaton · wall_segment Stone Wall x4 |
| 29:39 | papaton · wall_segment Stone Wall x3 |
| 29:40 | Onnozel Trien · wall_segment Stone Wall x13 |
| 30:11 | 1375072598 · age_up imperial |
| 30:50 | papaton · wall_segment Stone Wall x17 |
| 31:06 | papaton · wall_segment Stone Wall x6 |
| 31:12 | Onnozel Trien · wall_segment Stone Wall x4 |
| 31:16 | Onnozel Trien · wall_segment Stone Wall x13 |
| 31:27 | papaton · first_building Monastery |
| 31:29 | Onnozel Trien · wall_segment Stone Wall x12 |
| 32:17 | Onnozel Trien · first_building Barracks |
| 32:29 | papaton · first_building Castle |
| 32:34 | papaton · wall_segment Stone Wall x17 |
| 32:41 | papaton · first_building Barracks |
| 32:42 | XMS · first_building Archery Range |
| 32:54 | Onnozel Trien · wall_segment Stone Wall x13 |
| 33:03 | Glory · age_up imperial |
| 33:05 | papaton · wall_segment Stone Wall x8 |
| 33:20 | Glory · first_building Castle |
| 33:24 | Onnozel Trien · age_up imperial |
| 33:38 | papaton · first_building Archery Range |
| 33:40 | papaton · first_building Stable |
| 33:47 | Mushroom · first_market_buy 500 stone |
| 33:56 | papaton · first_building Siege Workshop |
| 34:01 | Glory · first_building Barracks |
| 34:06 | papaton · wall_segment Stone Wall x16 |
| 34:07 | Mushroom · wall_segment Palisade Wall x9 |
| 34:16 | Mushroom · wall_segment Palisade Wall x8 |
| 34:18 | papaton · wall_segment Stone Wall x10 |
| 34:19 | Mushroom · wall_segment Palisade Wall x10 |
| 34:22 | Mushroom · wall_segment Palisade Wall x9 |
| 34:42 | Onnozel Trien · wall_segment Stone Wall x7 |
| 35:03 | 1375072598 · first_building Castle |
| 35:32 | Glory · wall_segment Stone Wall x15 |
| 35:34 | papaton · wall_segment Stone Wall x19 |
| 35:45 | papaton · wall_segment Stone Wall x8 |
| 36:05 | Onnozel Trien · first_building Stable |
| 36:17 | papaton · wall_segment Stone Wall x11 |
| 36:40 | XMS · wall_segment Stone Wall x14 |
| 36:41 | papaton · age_up imperial |
| 36:48 | papaton · wall_segment Stone Wall x15 |
| 37:23 | papaton · wall_segment Stone Wall x12 |
| 37:34 | XMS · wall_segment Stone Wall x23 |
| 37:42 | papaton · wall_segment Stone Wall x21 |
| 37:43 | Onnozel Trien · wall_segment Stone Wall x6 |
| 37:49 | papaton · wall_segment Stone Wall x14 |
| 37:55 | papaton · wall_segment Stone Wall x6 |
| 37:56 | XMS · wall_segment Stone Wall x16 |
| 39:00 | XMS · wall_segment Stone Wall x18 |
| 39:08 | XMS · wall_segment Stone Wall x18 |
| 39:18 | Mushroom · age_up imperial |
| 39:29 | XMS · wall_segment Stone Wall x2 |
| 39:31 | XMS · wall_segment Stone Wall x24 |
| 39:56 | XMS · wall_segment Stone Wall x7 |
| 39:59 | XMS · wall_segment Stone Wall x26 |
| 40:16 | XMS · wall_segment Stone Wall x12 |
| 40:54 | papaton · wall_segment Palisade Wall x9 |
| 41:37 | papaton · wall_segment Stone Wall x6 |
| 41:38 | Mushroom · first_market_sell 500 food |
| 42:06 | XMS · wall_segment Stone Wall x16 |
| 43:05 | XMS · wall_segment Stone Wall x13 |
| 43:30 | XMS · wall_segment Stone Wall x1 |
| 43:38 | Mushroom · resign |
| 44:06 | XMS · first_market_buy 100 stone |
| 45:43 | Glory · wall_segment Stone Wall x19 |
| 45:46 | Glory · wall_segment Stone Wall x1 |
| 45:58 | Glory · first_building Siege Workshop |
[ AI ANALYSIS · 1 CREDIT ]
What really happened in this match?
Wolo.gg analyzes every decision: build order, eco, micro, common mistakes by bracket. Personalized analysis on WhatsApp or Discord in 30 seconds.
Civ guide
Portuguese
Map guide
Black Forest (OG) (Custom)
Perfil
1375072598